 Dungeon Crawl Stone Soup version 0.29-a0-218-gf2abdc9806 (webtiles) character file.

Game seed: 2181600758670373669

98249 Aksej the Warrior (level 15, -2/134 HPs)
             Began as a Demonspawn Monk on Feb 25, 2022.
             Was the Champion of Wu Jian.
             Killed from afar by Nikola (6 damage)
             ... with an arc of chain lightning
             ... on level 1 of the Shoals.
             The game lasted 00:57:00 (21722 turns).

Aksej the Warrior (Demonspawn Monk)                Turns: 21722, Time: 00:57:00

Health: -2/134     AC: 21    Str: 22    XL:     15   Next: 74%
Magic:  0/15       EV: 20    Int:  7    God:    Wu Jian [******]
Gold:   1495       SH:  0    Dex: 19    Spells: 14/14 levels left

rFire   + . .      SeeInvis +   a - +2 whip (vamp)
rCold   . . .      Faith    .   (no shield)
rNeg    + . .      Spirit   +   w - +4 robe of Leewkuint {rF+ Regen+ Dex-5 Slay+3}
rPois   +          Reflect  .   G - +2 helmet
rElec   .          Harm     .   (cloak unavailable)
rCorr   +          Rampage  +   d - +2 pair of gloves
Will    +....                   (no boots)
Stlth   ++++++....              M - amulet of Ilueny {Spirit Rampage rN+ Str+4}
HPRegen 1.12/turn               x - +4 ring of slaying
MPRegen 0.14/turn               q - ring of Dawn {rPois rCorr Int-4 Dex+7 SInv Stlth+}

@: mighty, marked, sanguine armoured, hasted (expiring), very quick
A: demonic guardian 1, ignite blood 2, sanguine armour 2, corrupting presence 2,
weakness stinger 3
a: Renounce Religion, Wall Jump, Serpent's Lash, Heavenly Storm


You were on level 1 of the Shoals.
You worshipped Wu Jian.
Wu Jian was exalted by your worship.
You visited 4 branches of the dungeon, and saw 23 of its levels.

You collected 1495 gold pieces.

Inventory:

Hand Weapons
 a - a +2 vampiric whip (weapon)
 b - a +2 whip of freezing
Missiles
 I - 4 javelins (quivered)
Armour
 d - a +2 pair of gloves (worn)
 w - the +4 robe of Leewkuint (worn) {rF+ Regen+ Dex-5 Slay+3}
   (You found it on level 9 of the Dungeon)

   Dex:       It affects your dexterity (-5).
   Slay:      It affects your accuracy & damage with ranged weapons and melee
   (+3).
   rF:        It protects you from fire.
   Regen:     It increases your rate of health regeneration.
 G - a +2 helmet (worn)
Jewellery
 g - a +6 ring of strength
 i - an amulet of reflection
 p - a ring of flight
 q - the ring of Dawn (right hand) {rPois rCorr Int-4 Dex+7 SInv Stlth+}
   (You acquired it on level 5 of the Dungeon)

   [ring of resist corrosion]

   Int:       It affects your intelligence (-4).
   Dex:       It affects your dexterity (+7).
   rPois:     It protects you from poison.
   SInv:      It lets you see invisible.
   rCorr:     It protects you from acid and corrosion.
   Stlth:     It makes you more stealthy.
 s - a ring of poison resistance
 x - a +4 ring of slaying (left hand)
 B - an amulet of the acrobat
 D - a +4 ring of evasion
 J - a ring of protection from cold
 M - the amulet of Ilueny (around neck) {Spirit Rampage rN+ Str+4}
   (You acquired it on level 15 of the Dungeon)

   [amulet of guardian spirit]

   It causes incoming damage to be divided between your reserves of health and
   magic.
   Str:       It affects your strength (+4).
   rN:        It protects you from negative energy.
   Rampage:   It bestows one free step when moving towards enemies.
Wands
 c - a wand of acid (40)
 h - a wand of flame (67)
 k - a wand of digging (12)
 m - a wand of charming (12)
 o - a wand of iceblast (3)
 v - a wand of mindburst (5)
 N - a wand of polymorph (4)
Scrolls
 n - 2 scrolls of fear
 y - 12 scrolls of identify
 z - 5 scrolls of teleportation
 E - a scroll of silence
 F - 2 scrolls of amnesia
 P - a scroll of magic mapping
 Q - 2 scrolls of fog
 R - a scroll of blinking
Potions
 e - 11 potions of curing
 f - 7 potions of resistance
 j - a potion of lignification
 l - 8 potions of attraction
 t - 3 potions of flight
 u - a potion of ambrosia
 A - a potion of invisibility
 H - 4 potions of brilliance
 K - 2 potions of cancellation
 L - 3 potions of mutation
 O - 2 potions of might


   Skills:
 * Level 17.4 Fighting
 + Level 13.3 Maces & Flails
 + Level 7.0 Throwing
 + Level 4.6 Armour
 + Level 11.4 Dodging
 + Level 10.8 Stealth
 + Level 0.3 Evocations


You had 14 spell levels left.
You didn't know any spells.
Your spell library contained the following spells:

 Spells                   Type           Power      Damage    Failure   Level
 Animate Skeleton         Necr           0%         N/A       43%         1
 Apportation              Tloc           0%         N/A       43%         1
 Beastly Appendage        Tmut           0%         N/A       43%         1
 Pain                     Necr           0%         1d4       43%         1
 Shock                    Conj/Air       0%         1d3       43%         1
 Summon Small Mammal      Summ           0%         N/A       43%         1
 Scorch                   Fire           0%         2d5       56%         2
 Sublimation of Blood     Necr           0%         N/A       56%         2
 Wereblood                Tmut           0%         N/A       56%         2
 Call Canine Familiar     Summ           0%         N/A       80%         3
 Mephitic Cloud           Conj/Pois/Air  0%         N/A       80%         3
 Spider Form              Tmut/Pois      0%         N/A       80%         3
 Summon Guardian Golem    Hex/Summ       0%         N/A       80%         3
 Swiftness                Air            0%         N/A       80%         3
 Tukima's Dance           Hex            0%         N/A       80%         3
 Vampiric Draining        Necr           0%         2d6       80%         3
 Airstrike                Air            0%         N/A       99%         4
 Anguish                  Hex/Necr       0%         N/A       99%         4
 Flame Wave               Conj/Fire      0%         2d4       99%         4
 Leda's Liquefaction      Hex/Erth       0%         N/A       99%         4
 Alistair's Intoxication  Tmut/Pois      0%         N/A       100%        5
 Borgnjor's Vile Clutch   Necr/Erth      0%         N/A       100%        5
 Lee's Rapid Deconstruct  Erth           0%         3d5*      100%        5
 Eringya's Noxious Bog    Tmut/Pois      0%         N/A       100%        6
 Statue Form              Tmut/Erth      0%         N/A       100%        6
 Summon Cactus Giant      Summ           0%         N/A       100%        6
 Enfeeble                 Hex            0%         N/A       100%        7
 Summon Hydra             Summ           0%         N/A       100%        7
 Chain Lightning          Conj/Air       0%         N/A       100%        9
 Fire Storm               Conj/Fire      0%         5d1       100%        9
 Shatter                  Erth           0%         3d5*      100%        9


Dungeon Overview and Level Annotations

Branches:
Dungeon (15/15)            Temple (1/1) D:6            Lair (6/6) D:9
 Shoals (1/4) Lair:4       Spider (0/4) Lair:4        Slime (0/5) Lair:5
    Orc (0/2) D:12         Vaults (0/5) D:14         Depths (0/4) D:15

Altars:
Ashenzari
Cheibriados
Dithmenos
Elyvilon
Fedhas
Gozag
Hepliaklqana
Kikubaaqudgha
Makhleb
Nemelex Xobeh
Okawaru
Qazlal
Ru
Sif Muna
Trog
Uskayaw
Vehumet
Wu Jian
Xom
Yredelemnul
Zin
The Shining One
Jiyva

Shops:
D:9 :

Annotations:
Shoals:1 Nikola, Roxanne


Innate Abilities, Weirdness & Mutations

A weak demonic guardian rushes to your aid.
Your demonic aura often causes spilled blood to erupt in flames.
When seriously injured, your blood forms thick armour. (AC +9)
Your presence sometimes corrodes or deforms those you injure.
You have a sharp stinger which inflicts weakening toxins.


Message History

The manticore flicks its tail.
The volley of spikes hits your rust devil.
A manticore comes into view.
The alligator snapping turtle misses you.
Your rust devil hits the manticore.
The manticore seems to be corroded for longer.
The manticore is engulfed in blazing flames.
The manticore bites your rust devil!
The manticore closely misses your rust devil. x2
The merfolk closely misses you.
You spin and attack the merfolk repeatedly.
Your unstable footing causes you to fumble your attack. x2
Your rust devil hits the manticore.
The manticore seems to be corroded for longer.
The manticore is engulfed in blazing flames.
The alligator snapping turtle bites you from afar!!
* * * LOW HITPOINT WARNING * * *
The wind drake bites you but does no damage.
The merfolk hits you with a +0 trident.
* * * LOW HITPOINT WARNING * * *
You spin and attack the manticore repeatedly.
You whack the manticore!
You kill the manticore!
The Council accepts your kill.
Your surroundings suddenly seem different.
Nikola, a wind drake, a faun, a merfolk and a manticore come into view.
Nikola is wielding a +0 rapier of electrocution.
Found a stone staircase leading down.
Nikola shouts!
The wind drake hisses angrily.
Nikola mumbles some strange words.
Lightning arcs from Nikola's hands!
The bolt of lightning hits the merfolk!!!
The merfolk dies!
You hear a splash.
A bolt of lightning appears from out of thin air!
The bolt of lightning hits Nikola!
You hear a shout!
The bolt of lightning hits the wind drake!
The bolt of lightning hits you.
You die...

≈≈≈≈≈≈≈≈≈≈≈≈≈≈≈
≈≈≈≈≈≈≈≈≈≈≈≈≈≈≈
≈≈≈≈≈≈≈≈≈≈≈≈≈≈≈
≈≈≈≈≈≈≈≈≈≈≈≈≈≈≈
≈≈≈≈≈≈≈≈≈≈≈≈≈≈≈
≈≈..≈≈≈≈≈≈H≈≈>≈
..#@≈≈≈≈...≈≈≈≈
≈...≈..@#
≈≈≈≈..k.#
≈)≈≈..##.
≈≈≈≈.# .. ≈≈≈≈.
.≈≈ ≈≈≈≈ .≈≈≈
≈≈≈ ≈≈≈≈≈ ≈≈c
≈≈≈≈≈≈


You could see Nikola, a wind drake (repels missiles), a faun (asleep) and a
manticore (asleep).

Vanquished Creatures
  Mlioglotl (Shoals:1)
  Agnes (D:15)
  Nessos (D:15)
  The ghost of Zesag the Protected, a journeyman DsVM of Ashenzari (Lair:4)
  The ghost of Tevar the Grappler, a journeyman TrAK of Lugonu (Lair:3)
  13 hydras
  2 vault guards (D:14)
  A catoblepas (Lair:3)
  2 centaur warriors
  4 boulder beetles
  An ice dragon (D:15)
  2 two-headed ogres
  10 death yaks
  Sonja (Lair:4)
  2 iron trolls (D:12)
  A deep troll (D:12)
  4 sea snakes (Shoals:1)
  Pikel (D:7)
  2 wizards (D:14)
  6 harpies (Shoals:1)
  2 necromancers (D:14)
  2 deep elf pyromancers
  7 manticores
  A wolf spider (Lair:4)
  3 fauns (Shoals:1)
  7 ugly things
  3 cyclopes
  8 black mambas
  9 elephants
  A water nymph (Shoals:1)
  18 cane toads
  3 gargoyles
  Maggie (D:9)
  2 rime drakes
  Psyche (D:10)
  An efreet (D:15)
  8 komodo dragons
  A komodo dragon (shapeshifter) (D:14)
  6 trolls
  2 merfolk (Shoals:1)
  3 meliai (D:13)
  A wind drake (Lair:4)
  6 polar bears
  27 blink frogs
  8 hornets
  A tarantella (shapeshifter) (D:14)
  10 dream sheep
  Prince Ribbit (D:6)
  13 spriggans (Lair:6)
  44 yaks
  A centaur simulacrum (D:15)
  Sigmund (D:2)
  A vampire (D:13)
  2 wraiths
  A spriggan (shapeshifter) (D:14)
  12 wyverns
  18 humans (D:14)
  4 basilisks
  Eustachio (D:4)
  4 redbacks (Lair:4)
  5 steam dragons
  7 vampire mosquitoes (D:13)
  6 acid dragons
  14 water moccasins
  2 ice beasts
  3 sky beasts
  3 orc warriors
  3 black bears
  2 necrophages
  4 ogres
  3 boggarts (Lair:6)
  46 wolves
  A tengu (shapeshifter) (D:15)
  11 centaurs
  3 phantoms
  A lemure (D:7)
  3 kobold brigands
  5 bullfrogs
  A gnoll sergeant (D:10)
  A scorpion (D:6)
  3 killer bees (D:8)
  2 electric eels
  2 howler monkeys
  2 jellies
  5 hounds
  9 orc priests
  Jessica (D:3)
  8 orc wizards
  Natasha (thrice) (D:3)
  9 hell rats
  Robin (D:3)
  5 gnolls
  9 adders
  A shadow imp (D:7)
  A white imp (D:4)
  3 ufetubi
  3 dart slugs
  4 worms
  28 orcs
  4 bats
  5 endoplasms
  2 giant cockroaches (D:1)
  11 goblins
  6 hobgoblins
  2 quokkas
  4 ball pythons
  3 frilled lizards
  19 kobolds
  6 rats
  A butterfly (Lair:2)
588 creatures vanquished.

Vanquished Creatures (collateral kills)
  A faun (Shoals:1)
  An elephant (Lair:5)
  A komodo dragon (Lair:5)
  A hornet (D:10)
  A yak (D:7)
  A human (D:14)
  An ogre (D:5)
  An orc wizard (D:6)
  2 hell rats (Lair:5)
  A gnoll (D:10)
11 creatures vanquished.

Vanquished Creatures (others)
  A merfolk (Shoals:1)
  2 bushes (Lair:5)
  35 fungi
  63 plants
101 creatures vanquished.

Grand Total: 700 creatures vanquished

Notes
Turn   | Place    | Note
-------+----------+-------------------------------------------
     0 | D:1      | Aksej the Demonspawn Monk began the quest for the Orb.
     0 | D:1      | Reached XP level 1. HP: 18/18 MP: 1/1
    20 | D:1      | Gained mutation: Your demonic aura sometimes causes spilled
                  | blood to erupt in flames. [demonic ancestry]
    20 | D:1      | Reached XP level 2. HP: 3/24 MP: 2/2
   616 | D:1      | Found a faded altar of an unknown god.
   815 | D:2      | Gained mutation: You have a small tail. [demonic ancestry]
   815 | D:2      | Reached XP level 3. HP: 29/29 MP: 3/3
  1623 | D:2      | Noticed Sigmund
  1632 | D:2      | Killed Sigmund
  1633 | D:2      | Reached skill level 4 in Fighting
  1633 | D:2      | Gained mutation: When seriously injured, your blood forms
                  | armour. (AC +9) [demonic ancestry]
  1633 | D:2      | Reached XP level 4. HP: 13/38 MP: 4/4
  1633 | D:2      | Gained mutation: You have a tail ending in a sharp stinger.
                  | [demonic ancestry]
  1633 | D:2      | Reached XP level 5. HP: 15/43 MP: 5/5
  2238 | D:3      | Found a shadowy altar of Dithmenos.
  2255 | D:3      | Noticed Natasha
  2269 | D:3      | Killed Natasha
  2369 | D:3      | Noticed Robin
  2391 | D:3      | Killed Robin
  2392 | D:3      | Gained mutation: You have a sharp stinger which inflicts
                  | weakening toxins. [demonic ancestry]
  2392 | D:3      | Reached XP level 6. HP: 44/49 MP: 6/6
  2533 | D:3      | Noticed Jessica
  2547 | D:3      | Killed Jessica
  2945 | D:3      | Found a sacrificial altar of Ru.
  2949 | D:3      | Noticed Natasha
  2957 | D:3      | Killed Natasha
  3208 | D:4      | Reached skill level 1 in Armour
  3408 | D:4      | Found a snail-covered altar of Cheibriados.
  3422 | D:4      | Reached skill level 5 in Fighting
  3422 | D:4      | Gained mutation: A weak demonic guardian rushes to your
                  | aid. [demonic ancestry]
  3422 | D:4      | Reached XP level 7. HP: 49/56 MP: 7/7
  3528 | D:3      | Noticed Natasha
  3536 | D:3      | Killed Natasha
  3667 | D:4      | Found an iron altar of Okawaru.
  3705 | D:4      | Noticed Eustachio
  3788 | D:4      | Killed Eustachio
  4056 | D:4      | Reached skill level 5 in Maces & Flails
  4350 | D:4      | Found a sparkling altar of Nemelex Xobeh.
  4423 | D:5      | Entered Level 5 of the Dungeon
  4775 | D:5      | HP: 1/57 [ogre/+0 giant club (26)]
  4779 | D:5      | Gained mutation: Your demonic aura often causes spilled
                  | blood to erupt in flames. [demonic ancestry]
  4779 | D:5      | Reached XP level 8. HP: 2/64 MP: 8/8
  5504 | D:5      | Reached skill level 6 in Fighting
  5979 | D:5      | Identified a scroll of acquirement
  5979 | D:5      | Acquired the ring of Dawn {rPois rCorr Int-4 Dex+7 SInv
                  | Stlth+}
  6045 | D:6      | Found a staircase to the Ecumenical Temple.
  6052 | Temple   | Entered the Ecumenical Temple
  6101 | Temple   | Became a worshipper of the Wu Jian Council
  6101 | Temple   | Reached * piety under Wu Jian
  6101 | Temple   | Reached ** piety under Wu Jian
  6182 | D:6      | Gained mutation: When seriously injured, your blood forms
                  | thick armour. (AC +9) [demonic ancestry]
  6182 | D:6      | Reached XP level 9. HP: 38/71 MP: 9/9
  6194 | D:6      | Reached skill level 7 in Fighting
  6669 | D:6      | Reached skill level 5 in Stealth
  6672 | D:6      | Reached skill level 5 in Dodging
  7263 | D:6      | Noticed Prince Ribbit
  7272 | D:6      | Killed Prince Ribbit
  7474 | D:7      | Reached skill level 8 in Fighting
  7483 | D:7      | Noticed Pikel
  7508 | D:7      | Reached XP level 10. HP: 41/80 MP: 10/10
  7515 | D:7      | Killed Pikel
  8455 | D:8      | Noticed a boulder beetle
  8485 | D:8      | HP: 4/82 [boulder beetle (6)]
  8486 | D:8      | Killed a boulder beetle
  8491 | D:8      | Reached skill level 9 in Fighting
  9189 | D:8      | Reached *** piety under Wu Jian
  9258 | D:8      | Found a burning altar of Makhleb.
  9258 | D:8      | Found a faded altar of an unknown god.
  9266 | D:8      | Found a stormy altar of Qazlal.
  9268 | D:8      | Found a shimmering blue altar of Sif Muna.
  9270 | D:8      | Found a broken altar of Ashenzari.
  9310 | D:8      | Found a hazy altar of Hepliaklqana.
  9674 | D:9      | Identified the +4 robe of Leewkuint {rF+ Regen+ Dex-5
                  | Slay+3}
  9698 | D:9      | Reached skill level 1 in Throwing
  9761 | D:9      | Found a staircase to the Lair.
  9994 | D:9      | Found a hide-covered altar of Uskayaw.
 10008 | D:9      | Noticed Maggie
 10014 | D:9      | Killed Maggie
 10253 | D:9      | Found Xaebur's Book Shop.
 10526 | D:10     | Entered Level 10 of the Dungeon
 10539 | D:10     | Reached XP level 11. HP: 90/90 MP: 11/11
 10716 | D:10     | Noticed Psyche
 10722 | D:10     | Killed Psyche
 10748 | D:10     | Reached **** piety under Wu Jian
 10769 | D:10     | Reached skill level 10 in Fighting
 10989 | D:11     | Noticed a centaur warrior
 10993 | D:11     | Killed a centaur warrior
 11199 | D:11     | Noticed a deep elf pyromancer
 11226 | D:11     | Killed a deep elf pyromancer
 11308 | D:11     | Noticed a six-headed hydra
 11312 | D:11     | Killed a six-headed hydra
 11525 | D:12     | Reached skill level 10 in Maces & Flails
 11526 | D:12     | Found a staircase to the Orcish Mines.
 11550 | D:12     | Noticed a four-headed hydra
 11556 | D:12     | Killed a four-headed hydra
 11569 | D:12     | Noticed a death yak
 11569 | D:12     | Noticed a death yak
 11579 | D:12     | Killed a death yak
 11581 | D:12     | Killed a death yak
 11670 | D:12     | Noticed a two-headed ogre
 11678 | D:12     | Killed a two-headed ogre
 11679 | D:12     | Reached skill level 11 in Fighting
 11774 | D:12     | Noticed a death yak
 11778 | D:12     | Killed a death yak
 11779 | D:12     | Reached XP level 12. HP: 100/100 MP: 12/12
 12594 | D:13     | Noticed a four-headed hydra
 12597 | D:13     | Killed a four-headed hydra
 12806 | D:13     | Reached skill level 12 in Fighting
 12816 | D:13     | Reached skill level 5 in Throwing
 12985 | D:13     | Noticed a boulder beetle
 12994 | D:13     | Killed a boulder beetle
 13400 | D:14     | Noticed a six-headed hydra
 13405 | D:14     | Killed a six-headed hydra
 13461 | D:14     | Reached ***** piety under Wu Jian
 13463 | D:14     | Gained mutation: Your presence sometimes corrodes those you
                  | injure. [demonic ancestry]
 13463 | D:14     | Reached XP level 13. HP: 101/109 MP: 13/13
 13477 | D:14     | Found a gate to the Vaults.
 13487 | D:14     | Reached skill level 13 in Fighting
 15111 | D:15     | Entered Level 15 of the Dungeon
 15146 | D:15     | Noticed Agnes
 15151 | D:15     | Killed Agnes
 15423 | D:15     | Noticed Nessos
 15431 | D:15     | Killed Nessos
 15551 | D:15     | Acquired the amulet of Ilueny {Spirit Rampage rN+ Str+4}
 15943 | D:15     | Found a staircase to the Depths.
 16189 | Lair:1   | Entered Level 1 of the Lair of Beasts
 16204 | Lair:1   | Reached skill level 14 in Fighting
 16424 | Lair:1   | Found a sacrificial altar of Ru.
 17363 | Lair:2   | Reached XP level 14. HP: 121/121 MP: 14/14
 17830 | Lair:3   | Noticed Tevar's ghost (journeyman TrAK)
 17830 | Lair:3   | Found a runed translucent door.
 17841 | Lair:3   | Killed Tevar's ghost
 17844 | Lair:3   | Got Sif Muna's Collected Works on Venom and Transmigration
 18558 | Lair:4   | Reached ****** piety under Wu Jian
 18626 | Lair:4   | Reached skill level 10 in Stealth
 18690 | Lair:4   | Reached skill level 15 in Fighting
 18808 | Lair:4   | Found a runed translucent door.
 18811 | Lair:4   | Noticed Zesag's ghost (journeyman DsVM)
 18826 | Lair:4   | Killed Zesag's ghost
 18843 | Lair:4   | Noticed Sonja
 18853 | Lair:4   | Found a staircase to the Shoals.
 18854 | Lair:4   | Killed Sonja
 19614 | Lair:4   | Found a hole to the Spider Nest.
 19758 | Lair:5   | Found a staircase to the Slime Pits.
 19758 | Lair:5   | Found a viscous altar of Jiyva.
 19830 | Lair:5   | Reached skill level 10 in Dodging
 19938 | Lair:5   | Reached skill level 16 in Fighting
 20062 | Lair:5   | Gained mutation: Your presence sometimes corrodes or
                  | deforms those you injure. [demonic ancestry]
 20062 | Lair:5   | Reached XP level 15. HP: 131/131 MP: 15/15
 20150 | Lair:5   | Identified the +9 falchion "Ekaiggui" {drain, Dex+3 Stlth+}
 20494 | Lair:6   | Entered Level 6 of the Lair of Beasts
 21373 | Lair:6   | Reached skill level 17 in Fighting
 21399 | Lair:6   | Identified the +6 rapier of the Doomed Warrior {freeze,
                  | rElec Str-4 Int+3}
 21581 | Shoals:1 | Entered Level 1 of the Shoals
 21660 | Shoals:1 | Noticed Mlioglotl
 21665 | Shoals:1 | Noticed Roxanne
 21686 | Shoals:1 | Noticed a tentacled starspawn
 21689 | Shoals:1 | Killed Mlioglotl
 21721 | Shoals:1 | HP: 6/134 [alligator snapping turtle (33)]
 21722 | Shoals:1 | Noticed Nikola
 21722 | Shoals:1 | Killed from afar by Nikola

Illustrated notes

Levels and vault maps discovered:
D:1:      wander_arrival_desolate, layout_rooms, ebering_ecumenical_altar_hall
D:2:      layout_basic, uniq_sigmund
D:3:      layout_loops_ring, nicolae_elyvilon_temple_path,
          grunt_dithmenos_smoke_and_mirrors,
          mainiacjoe_overflow_six_doors_small, grunt_ministairs_2,
          bh_walls_and_bars, uniq_natasha, uniq_jessica, uniq_robin
D:4:      layout_basic, nemelex_diamond_rough_becter,
          mainiacjoe_overflow_catwalk, lemuel_doored_altar, uniq_eustachio
D:5:      layout_loops_ring, grunt_ministairs_9
D:6:      layout_loops_ring, minmay_temple_entry_hall, uniq_prince_ribbit1
D:7:      layout_basic, minivault_11, uniq_pikel
D:8:      layout_rooms, nicolae_hepliaklqana_hazy_memory,
          chequers_temple_overflow_minitemple
D:9:      layout_loops_corners, eat_drink_and_be_merry_uskayaw,
          lair_entry_dummy, serial_shops, nicolae_lakefront_shop,
          grunt_decor_cap, uniq_maggie
D:10:     layout_rooms, uniq_psyche
D:11:     layout_loops_ring
D:12:     lemuel_troll_bridge, layout_rooms, orc_0_dummy
D:13:     layout_rooms
D:14:     wad_mega_maze, layout_layer_cave, grunt_vaults_entry_tiered,
          kennysheep_flooded_box, eino_curves_04, st_stairs_1
D:15:     grunt_enter_depths_hoard, layout_irregular_city,
          corexii_hall_statues_i, uniq_agnes, uniq_nessos
Temple:   jpeg_temple_alley_garden
Lair:1:   layout_cave_pods, basic_altar
Lair:2:   layout_regular_city, grunt_megastairs_4, lemuel_fruit_fields
Lair:3:   layout_gridlike, gammafunk_ghost_grave, nzn_sisyphean_effort
Lair:4:   layout_regular_city, minmay_shoals_entry_beasts,
          spider_nest_entry_funnel_web, ebering_ghost_inner_flame,
          grunt_megastairs_1, uniq_sonja
Lair:5:   layout_regular_city, slime_altar_1, basic_altar,
          chequers_serial_rivers_micro_b, grunt_forest_small_clearings,
          serial_bayou_shore_a
Lair:6:   minmay_lair_end_enchanted_forest, layout_gridlike
Shoals:1: layout_shoals, uniq_roxanne, uniq_nikola, uniq_mlioglotl

Skill      XL: |  1  2  3  4  5  6  7  8  9 10 11 12 13 14 15 |
---------------+----------------------------------------------+-----
Maces & Flails | 3 4 5 6 7 9 10 11 12 13 | 13.3
Dodging        | 3 4 5 6 8 9 10 11 | 11.4
Stealth        | 2 3 4 6 7 8 9 10 | 10.8
Fighting       | 4 5 6 8 9 11 12 14 16 17 | 17.4
Armour         | 1 3 4 |  4.6
Throwing       | 2 4 5 6 7 |  7.0
Evocations     | |  0.3

Action                   |  1- 3 |  4- 6 |  7- 9 | 10-12 | 13-15 || total
-------------------------+-------+-------+-------+-------+-------++-------
Melee: Mace              |    58 |       |       |       |       ||    58
       Whip              |    43 |   121 |   357 |   698 |  1362 ||  2581
       Tailslap          |     7 |    18 |    68 |   140 |   269 ||   502
       Punch             |       |     2 |     3 |    11 |    17 ||    33
Throw: Javelin           |       |       |     2 |    71 |    56 ||   129
       Throwing net      |       |       |       |     3 |       ||     3
       Boomerang         |       |       |       |     2 |       ||     2
Invok: Lunge             |       |       |    35 |    56 |    17 ||   108
       Whirlwind         |       |       |    29 |   320 |   628 ||   977
Evoke: Wand              |       |       |     3 |     1 |       ||     4
  Use: Scroll            |     3 |     4 |     9 |     6 |    12 ||    34
       Potion            |       |     1 |       |     3 |     6 ||    10
 Stab: Sleeping          |     6 |     3 |    12 |    17 |    24 ||    62
       Distracted        |       |       |     2 |     4 |       ||     6
       Held in net/web   |       |       |       |     2 |       ||     2
Armor: Robe              |    16 |       |       |   104 |   188 ||   308
       Leather armour    |     3 |    24 |   107 |    25 |       ||   159
Dodge: Dodged            |    69 |    85 |   264 |   344 |   687 ||  1449

Table legend: (Time is in decaauts)
 A = Elapsed time spent in this place.
 B = Non-inter-level travel time spent in this place.
 C = Inter-level travel time spent in this place.
 D = Time resting spent in this place.
 E = Time spent auto-exploring this place.
 F = Levels seen in this place.
 G = Mean time per level.
                   A        B        C        D        E       F      G
               +--------+--------+--------+--------+--------+-----+--------+
         Total |  21623 |  20759 |    864 |     61 |  17200 |  23 |  940.1 |
       Dungeon |  16023 |  15407 |    616 |     61 |  12890 |  15 | 1068.2 |
        Temple |     86 |     50 |     36 |      0 |     37 |   1 |   86.0 |
          Lair |   5385 |   5174 |    211 |      0 |   4215 |   6 |  897.5 |
        Shoals |    126 |    126 |      0 |      0 |     57 |   1 |  126.0 |
               +--------+--------+--------+--------+--------+-----+--------+

Top non-repeatable levels by time:
    D:14: 2153 daAuts
     D:5: 1572 daAuts
     D:2: 1353 daAuts
     D:6: 1250 daAuts
  Lair:4: 1230 daAuts
     D:4: 1160 daAuts
     D:3: 1117 daAuts
     D:8: 1088 daAuts
     D:9: 1056 daAuts
  Lair:6: 1038 daAuts
     D:7: 1036 daAuts
    D:12: 838 daAuts
  Lair:2: 833 daAuts
    D:15: 828 daAuts
  Lair:1: 810 daAuts
